AoeStats
← MrKadlatko

Arabia

509707548Analyzed
1v1 RM · 3d ago on Sep 27, 2026· 31m 52s· 2 players
Game mode
Random Map
Map size
Tiny (2 player)
Population
200
Speed
Normal
Resources
Standard
Victory
Conquest
Starting age
Dark Age
Ending age
Imperial Age
RankedLock teamsTeams togetherTeam positionsShared explorationLock speedFull tech treeHidden civsTurbo modeCheats
Victory
Defeat
🇨🇿 Franks · Czechia
839
+14
🇹🇼 Turks · Taiwan
803
-14
英京塚大
7:10 Loom
10:15 Feudal Age
13:16 Man-at-Arms
14:58 Arson
30:47 Castle Age
MrKadlatko
8:02 Loom
11:16 Feudal Age
12:09 Double-Bit Axe
21:51 Castle Age
22:53 Fletching
23:14 Forging
23:11 Scale Barding Armor
23:51 Gold Mining
24:59 Husbandry
27:48 Gold Shaft Mining
28:34 Iron Casting
32:08 Chain Barding Armor
31:44 Bodkin Arrow
Connection lost

Rejoining the realm…

Still unreachable

The connection could not be restored.

Session expired

The server has moved on; the page needs a fresh start.